 Dungeon Crawl Stone Soup version 0.26-a0-1132-ge9770dfcb6 (webtiles) character file.

Game seed: 6777953919419212636

1367 Aviak the Chiller (level 8, 0/58 HPs)
             Began as a Gnoll Ice Elementalist on Dec 20, 2020.
             Slain by a gnoll sergeant
             ... wielding a +2 trident of protection
              (11 damage)
             ... on level 5 of the Dungeon.
             The game lasted 00:12:26 (6264 turns).

Aviak the Chiller (Gnoll Ice Elementalist)          Turns: 6264, Time: 00:12:27

Health: 0/58       AC:  4    Str: 11    XL:     8   Next: 65%
Magic:  5/17       EV: 15    Int: 19    God:
Gold:   254        SH:  0    Dex: 16    Spells: 8/19 levels left

rFire    . . .     SeeInvis .   h - +3 spear
rCold    . . .     Faith    .   (no shield)
rNeg     . . .     Spirit   .   l - +0 leather armour
rPois    .         Reflect  .   (no helmet)
rElec    .         Harm     .   (no cloak)
rCorr    .         Rampage  .   (no gloves)
Will     .....                  w - +0 pair of boots
Stlth    ++++......             f - amulet of the acrobat
HPRegen  0.19/turn              r - ring of stealth
MPRegen  0.15/turn              (no ring)

@: very slightly contaminated
A: distributed training, fangs 1, strong nose
a: no special abilities


You were on level 5 of the Dungeon.
You visited 1 branch of the dungeon, and saw 5 of its levels.

You collected 254 gold pieces.

Inventory:

Hand Weapons
 d - a +0 dagger
 h - a +3 spear (weapon)
 o - a +2 dagger of venom
Missiles
 k - 4 silver javelins
Armour
 g - a +0 ring mail
 l - a +0 leather armour (worn)
 w - a +0 pair of boots (worn)
Magical Staves
 z - an uncursed staff of air {rElec}
Jewellery
 f - an amulet of the acrobat (around neck)
 r - a ring of stealth (left hand)
 y - an uncursed ring of willpower
Wands
 v - a wand of polymorph (5)
Scrolls
 b - 5 scrolls of teleportation {unknown}
 c - 2 scrolls of fear
 e - a scroll of enchant armour {unknown}
 i - 2 scrolls of identify
 m - a scroll of fog {unknown}
 n - 2 scrolls of remove curse {unknown}
 s - a scroll of magic mapping {unknown}
 u - 2 scrolls of amnesia {unknown}
 x - a scroll of random uselessness {unknown}
 C - a scroll of immolation {unknown}
Potions
 a - a potion of haste {unknown}
 j - a potion of magic {unknown}
 p - a potion of invisibility {unknown}
 q - 2 potions of curing {unknown}
 t - 2 potions of lignification {unknown}
 A - a potion of brilliance {unknown}
 B - a potion of flight {unknown}


   Skills:
 + Level 3.4 Fighting
 + Level 3.4 Short Blades
 + Level 3.4 Long Blades
 + Level 3.4 Axes
 + Level 3.4 Maces & Flails
 + Level 3.4 Polearms
 + Level 3.4 Staves
 + Level 3.4 Slings
 + Level 3.4 Bows
 + Level 3.4 Crossbows
 + Level 3.4 Throwing
 + Level 3.4 Armour
 + Level 5.8 Dodging
 + Level 5.5 Stealth
 + Level 3.4 Shields
 + Level 3.4 Unarmed Combat
 + Level 6.1 Spellcasting
 + Level 2.8 Conjurations
 + Level 2.8 Hexes
 + Level 2.8 Summonings
 + Level 2.8 Necromancy
 + Level 2.8 Translocations
 + Level 2.8 Transmutations
 + Level 2.8 Fire Magic
 + Level 7.7 Ice Magic
 + Level 2.8 Air Magic
 + Level 2.8 Earth Magic
 + Level 2.8 Poison Magic
 + Level 3.8 Invocations
 + Level 3.4 Evocations


You had 8 spell levels left.
You knew the following spells:

 Your Spells              Type           Power        Failure   Level
a - Freeze                Ice            100%         1%          1
b - Frozen Ramparts       Ice            70%          1%          3
c - Ozocubu's Armour      Ice            35%          1%          3
d - Hailstorm             Conj/Ice       25%          16%         4

Your spell library contained the following spells:

 Spells                   Type           Power        Failure   Level
 Confusing Touch          Hex            16%          13%         3
 Gell's Gravitas          Tloc           8%           13%         3
 Summon Ice Beast         Ice/Summ       25%          16%         4
 Petrify                  Tmut/Erth      16%          41%         4
 Metabolic Englaciation   Hex/Ice        12%          41%         5
 Yara's Violent Unravell  Hex/Tmut       8%           77%         5


Dungeon Overview and Level Annotations

Branches:
Dungeon (5/15)
 Temple: D:4-7

Altars:

Shops:
D:5 =


Innate Abilities, Weirdness & Mutations

Your experience applies equally to all skills.
You have very sharp teeth.
Your uncanny sense of smell can sniff out nearby items.


Message History

The hail pelts the gnoll sergeant!
The gnoll sergeant is moderately wounded.
The hail pelts the gnoll!
You kill the gnoll!
The gnoll sergeant hits you from afar with a +2 trident of protection!
Casting: Hailstorm (dangerous; 16% risk of failure)
Confirm with . or Enter, or press ? or * to list all spells.
Casting: Hailstorm (dangerous; 16% risk of failure)
Press: ? - help, Dir - look around, f - activate
Okay, then.
The gnoll sergeant hits you from afar with a +2 trident of protection!
Casting: Hailstorm (dangerous; 16% risk of failure)
Confirm with . or Enter, or press ? or * to list all spells.
Casting: Hailstorm (dangerous; 16% risk of failure)
Press: ? - help, Dir - look around, f - activate You miscast Hailstorm.
You are caught in an explosion of ice and frost!
* * * LOW HITPOINT WARNING * * *
The gnoll sergeant hits you from afar with a +2 trident of protection!
You die...

...........................
.........................#.
........(##.)..........#...
≈≈≈≈≈≈≈(.###.........#...#.
.g..)(≈≈..###......#...#...
##....)≈..# ###..#...#...#.
##...$≈..#####....#...#...
##.†.≈....#(..(#...#...#. ∆
#...≈≈.@........#...#...
#.....≈≈≈...##.#...#...#.
....##.gg≈.(###...#...#...
...# ##..≈..# #.#...#...#.
... ##.≈..# #...#...#...
##.≈..# #.#...#...#.
#..≈..# #...#...#...
...≈..# #.#...#...#.
...≈≈..# ##..#...#...


You could see a gnoll sergeant and a gnoll.

Vanquished Creatures
  A phantom (D:4)
  An ogre (D:4)
  A bullfrog (D:4)
  3 gnoll sergeants (D:5)
  A howler monkey (D:5)
  A centaur zombie (D:5)
  2 orc priests
  4 hounds
  2 jellies (D:5)
  A bullfrog skeleton (D:5)
  An iguana (D:4)
  4 worker ants
  2 orc wizards (D:4)
  A killer bee zombie (D:5)
  Robin (D:4)
  15 gnolls (D:5)
  12 adders
  An adder zombie (D:5)
  2 adder skeletons
  3 worms
  2 dart slugs
  5 leopard geckos
  11 orcs
  8 bats
  4 giant cockroaches
  20 goblins
  8 hobgoblins
  16 jackals
  9 kobolds
  A quokka (D:3)
  2 ball pythons
  7 frilled lizards
  A leopard gecko skeleton (D:4)
  7 rats
160 creatures vanquished.

Notes
Turn   | Place    | Note
-------+----------+-------------------------------------------
     0 | D:1      | Aviak the Gnoll Ice Elementalist began the quest for the
                  | Orb.
     0 | D:1      | Reached XP level 1. HP: 13/13 MP: 6/6
   391 | D:1      | Reached XP level 2. HP: 19/19 MP: 5/7
   535 | D:1      | Reached XP level 3. HP: 23/25 MP: 0/9
   661 | D:1      | Reached skill level 5 in Spellcasting
  1254 | D:1      | Reached skill level 1 in Invocations
  1552 | D:2      | Reached skill level 1 in Fighting
  1552 | D:2      | Reached skill level 1 in Short Blades
  1552 | D:2      | Reached skill level 1 in Long Blades
  1552 | D:2      | Reached skill level 1 in Axes
  1552 | D:2      | Reached skill level 1 in Maces & Flails
  1552 | D:2      | Reached skill level 1 in Polearms
  1552 | D:2      | Reached skill level 1 in Staves
  1552 | D:2      | Reached skill level 1 in Slings
  1552 | D:2      | Reached skill level 1 in Bows
  1552 | D:2      | Reached skill level 1 in Crossbows
  1552 | D:2      | Reached skill level 1 in Throwing
  1552 | D:2      | Reached skill level 1 in Armour
  1552 | D:2      | Reached skill level 1 in Shields
  1552 | D:2      | Reached skill level 1 in Unarmed Combat
  1552 | D:2      | Reached skill level 1 in Evocations
  1820 | D:2      | Learned a level 3 spell: Frozen Ramparts
  1824 | D:2      | Learned a level 3 spell: Ozocubu's Armour
  1839 | D:2      | Reached XP level 4. HP: 32/32 MP: 11/11
  2407 | D:3      | Reached skill level 1 in Conjurations
  2407 | D:3      | Reached skill level 1 in Hexes
  2407 | D:3      | Reached skill level 1 in Summonings
  2407 | D:3      | Reached skill level 1 in Necromancy
  2407 | D:3      | Reached skill level 1 in Translocations
  2407 | D:3      | Reached skill level 1 in Transmutations
  2407 | D:3      | Reached skill level 1 in Fire Magic
  2407 | D:3      | Reached skill level 1 in Air Magic
  2407 | D:3      | Reached skill level 1 in Earth Magic
  2407 | D:3      | Reached skill level 1 in Poison Magic
  2558 | D:3      | Reached XP level 5. HP: 32/37 MP: 8/12
  2563 | D:3      | Learned a level 4 spell: Hailstorm
  3416 | D:4      | Noticed an ogre
  3431 | D:4      | Killed an ogre
  3432 | D:4      | Reached skill level 5 in Dodging
  3432 | D:4      | Reached XP level 6. HP: 20/44 MP: 0/14
  3704 | D:4      | Noticed Robin
  3714 | D:4      | Killed Robin
  3771 | D:4      | Reached XP level 7. HP: 39/50 MP: 15/15
  4367 | D:4      | Reached skill level 5 in Stealth
  4748 | D:5      | Entered Level 5 of the Dungeon
  4961 | D:5      | Reached XP level 8. HP: 35/57 MP: 12/16
  5779 | D:5      | Found Gurod's Jewellery Shoppe.
  6264 | D:5      | Slain by a gnoll sergeant

Illustrated notes

Levels and vault maps discovered:
D:1:      dpeg_arrival_water_temple_mockup, layout_basic
D:2:      layout_loops_ring, dk_noncrumbling_4
D:3:      layout_loops_ring
D:4:      layout_rooms, minmay_quantized, uniq_robin
D:5:      layout_cave_pools, kennysheep_mini_moat, serial_gnoll_camp,
          gnoll_camp_huts_moat, gnoll_camp_mini_basic, gnoll_camp_mini_hut,
          gnoll_camp_medium_01, serial_shops, shop, hex_large, tgw_xom

Skill      XL: |  1  2  3  4  5  6  7  8 |
---------------+-------------------------+-----
Spellcasting   | 5 6 |  6.1
Invocations    | 1 2 3 |  3.8
Fighting       | 1 2 3 |  3.4
Short Blades   | 1 2 3 |  3.4
Long Blades    | 1 2 3 |  3.4
Axes           | 1 2 3 |  3.4
Maces & Flails | 1 2 3 |  3.4
Polearms       | 1 2 3 |  3.4
Staves         | 1 2 3 |  3.4
Slings         | 1 2 3 |  3.4
Bows           | 1 2 3 |  3.4
Crossbows      | 1 2 3 |  3.4
Throwing       | 1 2 3 |  3.4
Armour         | 1 2 3 |  3.4
Shields        | 1 2 3 |  3.4
Unarmed Combat | 1 2 3 |  3.4
Evocations     | 1 2 3 |  3.4
Conjurations   | 1 2 |  2.8
Hexes          | 1 2 |  2.8
Summonings     | 1 2 |  2.8
Necromancy     | 1 2 |  2.8
Translocations | 1 2 |  2.8
Transmutations | 1 2 |  2.8
Fire Magic     | 1 2 |  2.8
Air Magic      | 1 2 |  2.8
Earth Magic    | 1 2 |  2.8
Poison Magic   | 1 2 |  2.8
Dodging        | 5 |  5.8
Stealth        | 5 |  5.5
Ice Magic      | |  7.7

Action                   |  1- 3 |  4- 6 |  7- 9 || total
-------------------------+-------+-------+-------++-------
Melee: Dagger            |    32 |       |       ||    32
       Bite              |     1 |    10 |    14 ||    25
       Spear             |    17 |   109 |   184 ||   310
       Unarmed           |       |     1 |       ||     1
       Punch             |       |       |     3 ||     3
 Cast: Freeze            |    32 |    15 |     1 ||    48
       Frozen Ramparts   |       |    11 |    16 ||    27
       Ozocubu's Armour  |       |     2 |     4 ||     6
       Hailstorm         |       |       |     3 ||     3
  Use: Scroll            |     2 |       |       ||     2
 Stab: Sleeping          |    12 |    13 |     3 ||    28
       Distracted        |       |     2 |     1 ||     3
Armor: Robe              |     8 |       |       ||     8
       Leather armour    |     7 |    16 |    29 ||    52
       Skin              |       |     1 |       ||     1
Dodge: Dodged            |    42 |    64 |   177 ||   283

Table legend: (Time is in decaauts)
 A = Elapsed time spent in this place.
 B = Non-inter-level travel time spent in this place.
 C = Inter-level travel time spent in this place.
 D = Time resting spent in this place.
 E = Time spent auto-exploring this place.
 F = Levels seen in this place.
 G = Mean time per level.
                   A        B        C        D        E       F      G
               +--------+--------+--------+--------+--------+-----+--------+
         Total |   6250 |   6057 |    193 |   1617 |   3207 |   5 | 1250.0 |
       Dungeon |   6250 |   6057 |    193 |   1617 |   3207 |   5 | 1250.0 |
               +--------+--------+--------+--------+--------+-----+--------+

Top non-repeatable levels by time:
     D:4: 1616 daAuts
     D:1: 1260 daAuts
     D:5: 1233 daAuts
     D:2: 1108 daAuts
     D:3: 1032 daAuts
